 Dungeon Crawl Stone Soup version 0.28.0-43-g3370ac3207 (webtiles) character file.

Game seed: 18342715529688681352

229 mortz the Digger (level 5, -10/48 HPs)
             Began as a Troll Earth Elementalist on Mar 5, 2022.
             Killed from afar by a white imp (13 damage)
             ... with a puff of frost
             ... on level 3 of the Dungeon.
             The game lasted 00:16:46 (2270 turns).

mortz the Digger (Troll Earth Elementalist)         Turns: 2270, Time: 00:16:47

Health: -10/48     AC:  4    Str: 16    XL:     5   Next: 71%
Magic:  6/6        EV: 10    Int: 11    God:
Gold:   117        SH:  0    Dex: 12    Spells: 5/6 levels left

rFire   . . .      SeeInvis .   r - +1 dagger (holy) {short}
rCold   . . .      Faith    .   (no shield)
rNeg    . . .      Spirit   .   b - +0 robe
rPois   .          Reflect  .   (helmet restricted)
rElec   .          Harm     .   (no cloak)
rCorr   .          Rampage  .   (gloves unavailable)
Will    .....                   (boots unavailable)
Stlth   ++........              (no amulet)
HPRegen 0.96/turn               (no ring)
MPRegen 0.10/turn               (no ring)

@: attractive
A: large, unfitting armour, claws 3, regeneration 1, shaggy fur 1, tough skin 1
a: no special abilities


You were on level 3 of the Dungeon.
You visited 1 branch of the dungeon, and saw 3 of its levels.

You collected 117 gold pieces.


Innate Abilities, Weirdness & Mutations

You are too large for most types of armour.
You have claws for hands.
Your natural rate of healing is unusually fast.
You are covered in fur. (AC +1)
You have tough skin. (AC +1)


   Skills:
 + Level 1.3 Fighting
 * Level 2.3 Short Blades
 + Level 3.0 Dodging
 + Level 1.4 Stealth
 + Level 1.4 Spellcasting
 + Level 0.6 Transmutations
 + Level 3.2 Earth Magic


You had 5 spell levels left.
You knew the following spells:

 Your Spells              Type           Power      Damage    Failure   Level
a - Sandblast             Erth           14%        2d6       9%          1

Your spell library contained the following spells:

 Spells                   Type           Power      Damage    Failure   Level
 Passwall                 Tmut/Erth      4%         N/A       22%         2
 Beastly Appendage        Tmut           4%         N/A       24%         1
 Wereblood                Tmut           2%         N/A       36%         2
 Stone Arrow              Conj/Erth      8%         3d7       43%         3
 Spider Form              Tmut/Pois      1%         N/A       63%         3
 Call Canine Familiar     Summ           0%         N/A       67%         3
 Portal Projectile        Hex/Tloc       0%         N/A       67%         3
 Petrify                  Tmut/Erth      5%         N/A       80%         4
 Leda's Liquefaction      Hex/Erth       2%         N/A       85%         4

Inventory:

Hand Weapons
 a - a +0 dagger of draining {short}
   (You found it on level 1 of the Dungeon)
 i - a +0 flail {mace}
   (You found it on level 1 of the Dungeon)
 r - a +1 dagger of holy wrath (weapon) {short}
   (You took it off a goblin on level 2 of the Dungeon)
 w - a +1 whip of electrocution {mace}
   (You took it off a kobold on level 3 of the Dungeon)
 x - a +0 morningstar {mace}
   (You took it off an orc on level 3 of the Dungeon)
Missiles
 c - 87 stones {throwing}
 m - 2 boomerangs {throwing}
 n - 18 arrows
 t - a throwing net {=f!fthrowing}
 v - 5 poisoned darts {throwing}
 y - 6 curare-tipped darts {=fthrowing}
Armour
 b - a +0 robe (worn)
Scrolls
 d - a scroll of immolation {unknown}
 e - 3 scrolls of identify {unknown}
 f - a scroll of summoning {unknown}
 j - a scroll of amnesia {unknown}
 k - 2 scrolls of enchant weapon {unknown}
 o - a scroll of fear {unknown}
 q - a scroll of noise {unknown}
 s - a scroll of blinking {unknown}
Potions
 g - a potion of curing {unknown}
 h - 2 potions of attraction {!q}
 l - a potion of might {unknown}
 p - a potion of degeneration {unknown}
 u - 2 potions of mutation {unknown}

Dungeon Overview and Level Annotations

Branches:
Dungeon (3/15)

Altars:

Shops:
D:2

( ......................
........................
........................
........................
........................
........................
........................
........................
................@.......
........................
................5)......
........................
........................
.......................
.....................
................
...............


You could see a white imp.


Message History

Things that are here:
a +0 dagger {short}; a +0 robe; 😎 MP[+2]
Your mp is fully restored (6).
You see here a ball python corpse.
h - 3 white potions (gained 2)
You see here the felid corpse of Natasha.
You now have 108 gold pieces (gained 14).
You now have 117 gold pieces (gained 9).
A kobold comes into view. It is wielding a +0 club.
You see here a book of Changes.
You pick up a book of Changes and begin reading...
You add the spells Beastly Appendage, Wereblood and Spider Form to your library.
Okay, then.
A white imp comes into view.
The white imp shouts!
You closely miss the kobold.
The kobold shouts!
You claw the kobold.
You kill the kobold!
You hit the white imp. The white imp gestures at you.
The puff of frost hits you. 😕 HP[-4]
You take 4 damage, and now have 44/48 hp.
You hit the white imp but do no damage. The white imp gestures at you.
The puff of frost hits you! 😮 HP[-9]
You take 9 damage, and now have 35/48 hp.
You barely miss the white imp.
The white imp hits you but does no damage.
You completely miss the white imp.
The white imp barely misses you. 😮 HP[+1]
You closely miss the white imp. 😕 HP[+1]
You hit the white imp but do no damage. The white imp gestures at you.
The puff of frost hits you! 😮 HP[-7]
You take 7 damage, and now have 30/48 hp.
You hit the white imp but do no damage. The white imp hits you.
The white imp freezes you. 😮 HP[-4]
You take 4 damage, and now have 26/48 hp.
You closely miss the white imp.
The white imp hits you but does no damage. 😮 HP[+1]
You hit the white imp but do no damage.
The white imp barely misses you. 😮 HP[+1]
You barely miss the white imp.
The white imp hits you but does no damage.
You hit the white imp but do no damage.
The white imp barely misses you. 😮 HP[+1]
Your +1 dagger of holy wrath {short} softly glows with a divine radiance!
r - a +1 dagger of holy wrath (weapon)
{short} 😮 HP[+1]
You hit the white imp.
The white imp convulses.
The white imp gestures at you. The puff of frost hits you!
* * * LOW HITPOINT WARNING * * *
😨 HP[-12]
You take 12 damage, and now have 18/48 hp.
MASSIVE DAMAGE!! (PAUSE)
You barely miss the white imp. The white imp gestures at you.
The puff of frost hits you.
* * * LOW HITPOINT WARNING * * *
😨 HP[-5]
You take 5 damage, and now have 13/48 hp.
You hit the white imp but do no damage. The white imp gestures at you.
The puff of frost misses you. 😨 HP[+1]
You hit the white imp but do no damage.
The white imp closely misses you. 😨 HP[+1]
You hit the white imp but do no damage.
The white imp barely misses you. 😨 HP[+1]
You hit the white imp but do no damage. The white imp gestures at you.
The puff of frost hits you.
* * * LOW HITPOINT WARNING * * *
😨 HP[-2]
You take 2 damage, and now have 14/48 hp.
You hit the white imp.
The white imp convulses.
The white imp gestures at you. The puff of frost hits you!
* * * LOW HITPOINT WARNING * * *
😱 HP[-7]
You take 7 damage, and now have 7/48 hp. 😱 HP[+1]
The white imp gestures at you. The puff of frost hits you!
* * * LOW HITPOINT WARNING * * *
😱 HP[-6]
You take 6 damage, and now have 2/48 hp.
It was a potion of attraction.
You feel attractive to monsters. The white imp gestures at you.
The puff of frost hits you!
You die...

Skill      XL: |  1  2  3  4  5 |
---------------+----------------+-----
Earth Magic    | 3 |  3.2
Dodging        | 2 3 |  3.0
Short Blades   | 1 2 |  2.3
Fighting       | 1 |  1.3
Stealth        | |  1.4
Spellcasting   | |  1.4
Transmutations | |  0.6

Action                   |  1- 3 |  4- 6 || total
-------------------------+-------+-------++-------
Melee: Dagger            |   133 |   159 ||   292
       Punch             |     1 |     3 ||     4
 Cast: Sandblast         |     7 |     4 ||    11
  Use: Potion            |       |     1 ||     1
 Stab: Sleeping          |     2 |     1 ||     3
Armor: Robe              |    41 |    54 ||    95
Dodge: Dodged            |    71 |    69 ||   140

Levels and vault maps discovered:
D:1:      scummos_arrival_simple_crosswalls, layout_basic,
          hellmonk_ecumenical_altar_zigzags, minmay_misc_feat_alley
D:2:      layout_basic, serial_shops, shop, minmay_fractal_squares_gapless_5,
          uniq_robin
D:3:      layout_basic, uniq_jessica, uniq_terence, uniq_natasha

Notes
Turn   | Place    | Note
-------+----------+-------------------------------------------
     0 | D:1      | mortz the Troll Earth Elementalist began the quest for the
                  | Orb.
     0 | D:1      | Reached XP level 1. HP: 16/16 MP: 1/1
     0 | D:1      | magus.rc [v1.9.6]
   283 | D:1      | Reached skill level 3 in Earth Magic
   390 | D:1      | Reached XP level 2. HP: 24/24 MP: 2/2
   426 | D:1      | Reached skill level 2 in Dodging
   466 | D:1      | You pick up a book of the Hunter and begin reading...
   466 | D:1      | You add the spells Call Canine Familiar, Portal Projectile
                  | and Leda's Liquefaction to your library.
   468 | D:1      | Found a faded altar of an unknown god.
   513 | D:1      | You pick up a book of Geomancy and begin reading...
  1088 | D:2      | Found Efemudwut's Weapon Shoppe.
  1165 | D:2      | Reached XP level 3. HP: 31/31 MP: 3/3
  1339 | D:2      | Noticed Robin
  1400 | D:2      | Killed Robin
  1479 | D:2      | Reached XP level 4. HP: 39/39 MP: 4/4
  1621 | D:2      | Reached skill level 1 in Short Blades
  1954 | D:3      | Noticed Natasha
  1962 | D:3      | Killed Natasha
  1963 | D:3      | Reached skill level 1 in Fighting
  2004 | D:3      | Reached XP level 5. HP: 48/48 MP: 6/6
  2054 | D:3      | Noticed Natasha
  2076 | D:3      | Killed Natasha
  2147 | D:3      | Noticed Natasha
  2164 | D:3      | Killed Natasha
  2165 | D:3      | Reached skill level 2 in Short Blades
  2191 | D:3      | Reached skill level 3 in Dodging
  2242 | D:3      | You pick up a book of Changes and begin reading...
  2242 | D:3      | You add the spells Beastly Appendage, Wereblood and Spider
                  | Form to your library.
  2267 | D:3      | HP: 7/48 [white imp/puff of frost (8)]
  2269 | D:3      | HP: 2/48 [white imp/puff of frost (7)]
  2270 | D:3      | Killed from afar by a white imp

Vanquished Creatures
  Natasha (thrice) (D:3)
  An orc wizard (D:3)
  Robin (D:2)
  4 adders
  A gnoll (D:2)
  A worm (D:2)
  3 dart slugs (D:1)
  3 orcs (D:3)
  A bat (D:2)
  4 endoplasms
  3 giant cockroaches (D:2)
  12 goblins
  5 hobgoblins
  3 jackals (D:1)
  5 quokkas
  2 ball pythons
  2 frilled lizards
  5 kobolds
  4 rats
63 creatures vanquished.

Table legend:
 A = Non-vault XP
 B = Vault XP
 C = Vault XP percentage of total XP
 D = Non-vault monster count
 E = Vault monster count
 F = Vault count percentage of total count
                 A         B        C        D         E       F
            +---------+---------+-------+---------+---------+-------
      Total |     226 |     102 |  31.1 |      46 |      17 |  27.0
            +---------+---------+-------+---------+---------+-------
        D:1 |      33 |       0 |   0.0 |      15 |       0 |   0.0
        D:2 |      49 |      67 |  57.8 |      13 |      16 |  55.2
        D:3 |     144 |      35 |  19.6 |      18 |       1 |   5.3
            +---------+---------+-------+---------+---------+-------

Illustrated notes

Table legend:
 A = Kills in this place as a percentage of kills in entire the game.
 B = Kills by you in this place as a percentage of kills by you in the entire game.
 C = Kills by friends in this place as a percentage of kills by friends in the entire game.
 D = Other kills in this place as a percentage of other kills in the entire game.
 E = Experience gained in this place as a percentage of experience gained in the entire game.
 F = Experience gained in this place divided by the number of levels of this place that you have seen.
                   A       B       C       D       E      F
               +-------+-------+-------+-------+-------+----------------------
         Total | 100.0 | 100.0 |   N/A |   N/A | 100.0 | 109.3
       Dungeon | 100.0 | 100.0 |   N/A |   N/A | 100.0 | 109.3
               +-------+-------+-------+-------+-------+----------------------

Table legend: (Time is in decaauts)
 A = Elapsed time spent in this place.
 B = Non-inter-level travel time spent in this place.
 C = Inter-level travel time spent in this place.
 D = Time resting spent in this place.
 E = Time spent auto-exploring this place.
 F = Levels seen in this place.
 G = Mean time per level.
                   A        B        C        D        E       F      G
               +--------+--------+--------+--------+--------+-----+--------+
         Total |   2256 |   2130 |    126 |      0 |   1552 |   3 |  752.0 |
       Dungeon |   2256 |   2130 |    126 |      0 |   1552 |   3 |  752.0 |
               +--------+--------+--------+--------+--------+-----+--------+

Top non-repeatable levels by time:
     D:1: 1016 daAuts
     D:2: 878 daAuts
     D:3: 361 daAuts
